 Dungeon Crawl Stone Soup version 0.22-a0-422-g9628fc8 (webtiles) character file.

52789 theanonym the Eclecticist (level 14, 0/111 HPs)
             Began as a Mummy Air Elementalist on May 20, 2018.
             Was a High Priest of Vehumet.
             Slain by Snorg (16 damage)
             ... on level 12 of the Dungeon.
             The game lasted 01:22:01 (26987 turns).

theanonym the Eclecticist (Mummy Air Elementalist) Turns: 26987, Time: 01:22:02

Health: 0/111      AC: 13    Str: 11    XL:     14   Next: 28%
Magic:  8/33       EV: 17    Int: 20    God:    Vehumet [*****.]
Gold:   1332       SH:  5    Dex: 12    Spells: 12/43 levels left

rFire    . . .     SeeInvis .   a - staff of air
rCold    + . .     Gourm    .   x - +0 buckler
rNeg     + + +     Faith    .   o - +2 robe {Archmagi}
rPois    ∞         Spirit   .   J - +1 hat
rElec    +         Reflect  .   u - scarf {repulsion}
rCorr    .         Harm     .   E - +0 pair of gloves
MR       +....                  F - +1 pair of boots
Stlth    ++........             e - amulet of magic regeneration
HPRegen  0.28/turn              q - ring of protection from fire
MPRegen  0.48/turn              l - +5 ring of protection

@: very slightly contaminated, repel missiles
A: no food or potions, fire vulnerability, cold resistance 1, negative energy
resistance 3, torment resistance, unbreathing, in touch with death 1
a: Renounce Religion


Innate Abilities, Weirdness & Mutations

You do not eat or drink.
Your flesh is vulnerable to fire.
You are immune to poison.
Your flesh is cold resistant. (rC+)
You are immune to negative energy. (rN+++)
You are immune to unholy pain and torment.
You can survive without breathing.
You are in touch with the powers of death.


   Skills:
 + Level 10.7 Fighting
 + Level 8.8 Dodging
 - Level 1.5 Stealth
 - Level 4.0 Shields
 - Level 15.0 Spellcasting
 + Level 8.8 Conjurations
 - Level 1.3 Fire Magic
 - Level 10.0 Air Magic


You had 12 spell levels left.
You knew the following spells:

 Your Spells              Type           Power        Failure   Level  Hunger
a - Shock                 Conj/Air       ####         1%          1    N/A
b - Lightning Bolt        Conj/Air       #######...   1%          5    N/A
c - Static Discharge      Conj/Air       #######.     1%          3    N/A
d - Mephitic Cloud        Conj/Pois/Air  ######..     1%          3    N/A
e - Airstrike             Air            #######...   1%          4    N/A
f - Fireball              Conj/Fire      ######....   4%          5    N/A
g - Conjure Ball Lightni  Conj/Air       #######...   3%          6    N/A
l - Blink                 Tloc           N/A          6%          2    N/A
s - Swiftness             Chrm/Air       ######..     1%          2    N/A

Your spell library contained the following spells:

 Spells                   Type           Power        Failure   Level  Hunger
 Magic Dart               Conj           ####         1%          1    N/A
 Conjure Flame            Conj/Fire      ######..     1%          3    N/A
 Slow                     Hex            ###.....     6%          2    N/A
 Confuse                  Hex            ###.....     12%         3    N/A
 Iskenderun's Mystic Bla  Conj           ######..     1%          4    N/A
 Animate Dead             Necr           N/A          38%         4    N/A
 Call Imp                 Summ           ###.....     6%          2    N/A
 Recall                   Summ/Tloc      N/A          12%         3    N/A
 Death Channel            Necr           ####......   99%         6    N/A
 Confusing Touch          Hex            ###...       4%          1    N/A
 Metabolic Englaciation   Hex/Ice        ###.......   75%         5    N/A
 Simulacrum               Ice/Necr       ####......   99%         6    N/A
 Petrify                  Tmut/Erth      ###.....     38%         4    N/A
 Fulminant Prism          Conj/Hex       #####.....   1%          4    N/A
 Dazzling Spray           Conj/Hex       #####.       1%          3    N/A
 Force Lance              Conj/Tloc      #####...     1%          4    N/A
 Searing Ray              Conj           ######       1%          2    N/A
 Gell's Gravitas          Tloc           ###.......   12%         3    N/A
 Yara's Violent Unravell  Hex/Tmut       ###.......   28%         5    N/A
 Borgnjor's Vile Clutch   Necr/Erth      ####......   75%         5    N/A

Skill      XL: |  1  2  3  4  5  6  7  8  9 10 11 12 13 |
---------------+----------------------------------------+-----
Conjurations   | 1 2 3 4 5 6 8 |  8.8
Spellcasting   | 3 4 5 7 9 11 12 13 15 | 15.0
Air Magic      | 3 4 5 7 9 10 | 10.0
Fighting       | 1 5 7 9 10 | 10.7
Shields        | 2 4 |  4.0
Dodging        | 4 6 8 |  8.8
Fire Magic     | 1 |  1.3
Stealth        | |  1.5

Action                   |  1- 3 |  4- 6 |  7- 9 | 10-12 | 13-15 || total
-------------------------+-------+-------+-------+-------+-------++-------
Melee: Mace              |    22 |    21 |    39 |    33 |     1 ||   116
       Staff             |       |       |       |    13 |    11 ||    24
Throw: Throwing net      |       |       |     2 |     2 |     2 ||     6
 Cast: Shock             |    90 |   162 |   290 |   566 |   169 ||  1277
       Airstrike         |       |     5 |    38 |   187 |    99 ||   329
       Static Discharge  |       |       |     7 |    26 |    17 ||    50
       Mephitic Cloud    |       |       |     2 |     4 |     1 ||     7
       Lightning Bolt    |       |       |       |    36 |    90 ||   126
       Blink             |       |       |       |    11 |     8 ||    19
       Conjure Ball Ligh |       |       |       |       |     3 ||     3
 Abil: Evoke Flight      |       |       |     3 |     1 |       ||     4
Evoke: Wand              |       |       |     4 |     8 |     5 ||    17
  Use: Scroll            |       |     4 |     9 |    12 |     3 ||    28
 Stab: Confused          |       |       |     1 |       |       ||     1
       Held in net/web   |       |       |     1 |       |       ||     1
Armor: Leather armour    |    11 |    29 |       |       |       ||    40
       Robe              |       |     3 |    25 |    95 |    36 ||   159
Dodge: Dodged            |    33 |    35 |   125 |   211 |   126 ||   530
       Deflected         |       |       |       |     9 |     4 ||    13
Block: Buckler           |       |       |       |    40 |    34 ||    74

Inventory:

Hand Weapons
 b - a +5 mace of draining
   (You found it on level 1 of the Dungeon)
 r - the cursed +2 war axe "Giantbane" {chop, rC+++ rN+, unknown}
   (You found it on level 6 of the Lair of Beasts)

   It inflicts extra damage upon your enemies.
   It renders you almost immune to cold.
   It protects you from negative energy.
   It has a curse placed upon it.
 y - a +4 dagger of venom
   (You took it off an orc wizard on level 3 of the Dungeon)
Missiles
 k - 5 throwing nets (quivered)
Armour
 g - the +2 ring mail of the Lute {*Drain *Slow +Blink Regen+ Int+6}
   (You found it on level 7 of the Dungeon)

   It affects your intelligence (+6).
   It lets you blink.
   It increases your rate of regeneration.
   It causes draining when unequipped.
   It may slow you when you take damage.
 o - a +2 robe of the Archmagi (worn)
   (You took it off an orc wizard on level 3 of the Dungeon)
 u - a scarf of repulsion (worn)
   (You found it on level 11 of the Dungeon)
 x - a +0 buckler (worn)
   (You found it on level 9 of the Dungeon)
 E - a +0 pair of gloves (worn)
   (You found it on level 1 of the Lair of Beasts)
 F - a +1 pair of boots (worn)
   (You found it on level 3 of the Lair of Beasts)
 J - a +1 hat (worn)
   (You took it off Gastronok on level 2 of the Lair of Beasts)
Magical Staves
 a - an uncursed staff of air (weapon)
   (You found it on level 9 of the Dungeon)
Jewellery
 c - an uncursed ring of flight
   (You found it in a bailey)
 e - an amulet of magic regeneration (around neck)
   (You found it on level 10 of the Dungeon)
 h - an uncursed ring of protection from cold
   (You found it on level 1 of the Dungeon)
 l - a +5 ring of protection (right hand)
   (You found it on level 7 of the Dungeon)
 q - a ring of protection from fire (left hand)
   (You found it on level 3 of the Dungeon)
 D - an uncursed ring of fire
   (You found it on level 1 of the Lair of Beasts)
Wands
 j - a wand of enslavement (27)
   (You found it on level 2 of the Dungeon)
 m - a wand of polymorph (21)
   (You found it on level 1 of the Lair of Beasts)
 v - a wand of acid (4)
   (You found it on level 3 of the Lair of Beasts)
 A - a wand of paralysis (13)
   (You found it on level 11 of the Dungeon)
 C - a wand of iceblast (8)
   (You found it on level 11 of the Dungeon)
 G - a wand of scattershot (8)
   (You found it on level 3 of the Lair of Beasts)
 H - a wand of disintegration (13)
   (You found it on level 4 of the Lair of Beasts)
Scrolls
 d - 2 scrolls of amnesia
 f - a scroll of fog
 i - 8 scrolls of immolation
 n - 6 scrolls of remove curse
 p - 2 scrolls of fear
 t - 4 scrolls of teleportation {!r}
 z - 2 scrolls of summoning
 B - 2 scrolls of blinking
 I - 4 scrolls of enchant armour
Miscellaneous
 s - a phantom mirror
 w - a phial of floods
   (You found it in a bailey)


You were on level 12 of the Dungeon.
You worshipped Vehumet.
Vehumet was extremely pleased with you.
You were not hungry.

You visited 4 branches of the dungeon, and saw 20 of its levels.
You also visited: Bailey.

You collected 1332 gold pieces.

Dungeon Overview and Level Annotations

Branches:
Dungeon (12/15)            Temple (1/1) D:5            Lair (6/6) D:11
 Shoals (0/4) Lair:2        Snake (0/4) Lair:4        Slime (0/5) Lair:5
    Orc (1/2) D:12

Altars:
Ashenzari
Cheibriados
Dithmenos
Elyvilon
Fedhas
Gozag
Hepliaklqana
Kikubaaqudgha
Makhleb
Nemelex Xobeh
Okawaru
Qazlal
Ru
Sif Muna
Trog
Uskayaw
Vehumet
Wu Jian
Xom
Yredelemnul
Zin
The Shining One

Shops:
D:12 !

Annotations:
D:12 Snorg
Lair:6 sl

#.#.# #.#.# #.#.# #
#.#.# #
############.#.# #
#............#.# ####
#............#.#
#..####............#.#
#............>..@....#
#...####..[..)..T...##
#..#####............#
#..##....[..........#
#...#......[[.......#
#...)............####
#..##.....##.....##
#'###...(.##......#
..........'.......#


You could see Snorg (berserk).

Notes
Turn   | Place    | Note
-------+----------+-------------------------------------------
     0 | D:1      | theanonym the Mummy Air Elementalist began the quest for the Orb.
     0 | D:1      | Reached XP level 1. HP: 13/13 MP: 4/4
    67 | D:1      | Reached skill level 1 in Conjurations
   249 | D:1      | Reached XP level 2. HP: 19/19 MP: 1/5
   388 | D:1      | Reached skill level 3 in Spellcasting
  1031 | D:1      | Reached XP level 3. HP: 24/24 MP: 3/7
  1158 | D:2      | Learned a level 2 spell: Swiftness
  1162 | D:2      | Learned a level 3 spell: Static Discharge
  1401 | D:2      | Reached skill level 3 in Air Magic
  1704 | D:2      | Reached skill level 2 in Conjurations
  1784 | D:2      | Reached XP level 4. HP: 30/30 MP: 5/9
  2256 | D:2      | Learned a level 4 spell: Airstrike
  2290 | D:2      | Found an ancient bone altar of Kikubaaqudgha.
  2345 | D:2      | Reached XP level 5. HP: 32/35 MP: 4/10
  2449 | D:2      | Found a white marble altar of Elyvilon.
  2558 | D:2      | Found an ornate altar of the Wu Jian Council.
  2565 | D:2      | Reached skill level 4 in Spellcasting
  3040 | D:3      | Reached skill level 3 in Conjurations
  3175 | D:3      | Reached skill level 4 in Air Magic
  3179 | D:3      | Reached XP level 6. HP: 33/41 MP: 0/12
  3356 | D:3      | Found an opulent altar of Gozag.
  3379 | D:3      | theanonym: !lg * mu fifsk=fire
  3379 | D:3      | beem: 392. melllvar the Archmage (L27 MuWz of Vehumet), blasted by a gelid blood saint (fireball) in Pandemonium on 2018-05-15 20:16:15, with 1024677 points after 95962 turns and 8:56:09.
  3379 | D:3      | theanonym: !lg * mu fifsk=fire s=god
  3379 | D:3      | beem: 392 games for * (mu fifsk=fire): 163x Sif Muna, 104x Vehumet, 59x Gozag, 29x Ashenzari, 11x Nemelex Xobeh, 9x Makhleb, 7x, 3x Ru, 3x Hepliaklqana, 2x Cheibriados, Yredelemnul, Xom
  3802 | D:3      | Found a shadowy altar of Dithmenos.
  4410 | D:4      | Reached skill level 5 in Spellcasting
  4410 | D:4      | Reached XP level 7. HP: 46/46 MP: 2/14
  4548 | D:4      | Reached skill level 4 in Conjurations
  4608 | D:4      | Reached skill level 5 in Air Magic
  5239 | D:5      | Entered Level 5 of the Dungeon
  5239 | D:5      | Found a staircase to the Ecumenical Temple.
  5248 | Temple   | Entered the Ecumenical Temple
  5620 | D:5      | Reached XP level 8. HP: 29/52 MP: 1/16
  5702 | D:5      | Found a sacrificial altar of Ru.
  5729 | D:5      | Noticed Dowan
  5729 | D:5      | Noticed Duvessa
  5731 | D:5      | Found a glowing drain.
  5740 | D:5      | Killed Dowan
  5740 | D:5      | Reached skill level 5 in Conjurations
  5740 | D:5      | HP: 26/52 [Duvessa/short sword of speed (5)]
  5741 | D:5      | HP: 11/52 [Duvessa/short sword of speed (10)]
  5743 | D:5      | HP: 2/52 [Duvessa/short sword of speed (8)]
  6041 | D:5      | Reached skill level 6 in Spellcasting
  6042 | D:5      | Reached skill level 6 in Air Magic
  6047 | D:5      | Killed Duvessa
  6048 | D:5      | HP: 25/52 [/static electricity (2)]
  6774 | D:6      | Found a glowing silver altar of Zin.
  6779 | D:6      | Learned a level 3 spell: Mephitic Cloud
  6782 | D:6      | Learned a level 2 spell: Blink
  7251 | D:6      | Reached skill level 7 in Spellcasting
  7366 | D:6      | Found a radiant altar of Vehumet.
  7522 | D:6      | Became a worshipper of Vehumet
  7652 | D:7      | Found a deep blue altar of Sif Muna.
  7659 | D:7      | Reached skill level 7 in Air Magic
  7860 | D:7      | Reached XP level 9. HP: 57/57 MP: 11/20
  7864 | D:7      | Got a faintly humming ring mail
  7949 | D:7      | theanonym: ??airstrike
  7949 | D:7      | beem: airstrike[1/3]: A single target attack spell; uses smite targeting, so it can hit any monster you can see. It checks AC and does half again as much damage to flying or levitating monsters. Spell level 4. 8 + 1d(2 + (Power)/7) damage.
  7949 | D:7      | theanonym: ??fireball
  7949 | D:7      | beem: fireball[1/3]: Level 5 Fire/Conjuration spell. Cannot be evaded. Makes noise. Hits a 3x3 area. Does 3d(3.33+power/6) fire damage.
  7958 | D:7      | Noticed Menkaure
  7961 | D:7      | Killed Menkaure
  8092 | D:7      | Learned a level 5 spell: Lightning Bolt
  8144 | D:7      | Reached skill level 8 in Spellcasting
  8473 | D:7      | Reached skill level 8 in Air Magic
  8741 | D:8      | Reached * piety under Vehumet
  8741 | D:8      | Offered knowledge of Freeze by Vehumet.
  9145 | D:8      | Found a deep blue altar of Sif Muna.
  9348 | D:8      | Found a flagged portal.
  9357 | Bailey   | Entered a bailey
  9363 | Bailey   | Noticed an orc knight
  9377 | Bailey   | Reached skill level 9 in Spellcasting
  9571 | Bailey   | Reached skill level 9 in Air Magic
  9823 | Bailey   | Reached skill level 1 in Fighting
 10030 | Bailey   | Killed an orc knight
 10030 | Bailey   | Reached XP level 10. HP: 67/67 MP: 0/23
 10569 | D:8      | Reached skill level 2 in Fighting
 10586 | D:8      | HP: 30/67 [bounced beam (6)]
 10645 | D:8      | Offered knowledge of Sandblast by Vehumet.
 11034 | D:9      | Reached ** piety under Vehumet
 11223 | D:9      | Reached skill level 3 in Fighting
 11223 | D:9      | Reached skill level 10 in Spellcasting
 11284 | D:9      | HP: 34/70 [bullfrog skeleton (3)]
 11484 | D:9      | Reached skill level 10 in Air Magic
 11633 | D:9      | Offered knowledge of Throw Flame by Vehumet.
 11669 | D:9      | Reached skill level 4 in Fighting
 12100 | D:9      | Found a shimmering altar of Xom.
 12158 | D:9      | Reached *** piety under Vehumet
 12158 | D:9      | Reached skill level 5 in Fighting
 12179 | D:9      | Reached skill level 11 in Spellcasting
 12716 | D:9      | Found a blossoming altar of Fedhas.
 12820 | D:10     | Entered Level 10 of the Dungeon
 12826 | D:10     | Reached skill level 1 in Shields
 12929 | D:10     | Identified the +2 ring mail of the Lute {*Drain *Slow +Blink Regen+ Int+6} (You found it on level 7 of the Dungeon)
 13028 | D:10     | Reached skill level 2 in Shields
 13170 | D:10     | Found a blossoming altar of Fedhas.
 13183 | D:10     | Offered knowledge of Stone Arrow by Vehumet.
 13183 | D:10     | Reached XP level 11. HP: 80/80 MP: 24/26
 14037 | D:11     | Reached **** piety under Vehumet
 14206 | D:11     | Noticed a green ugly thing
 14216 | D:11     | Killed a green ugly thing
 14216 | D:11     | Reached skill level 3 in Shields
 14516 | D:11     | Offered knowledge of Bolt of Draining by Vehumet.
 14590 | D:11     | Reached skill level 6 in Fighting
 14590 | D:11     | Reached skill level 4 in Shields
 14598 | D:11     | Reached skill level 2 in Dodging
 14816 | D:11     | Noticed a four-headed hydra
 14821 | D:11     | Killed a four-headed hydra
 15250 | D:11     | Reached skill level 3 in Dodging
 15380 | D:11     | HP: 38/83 [very large slime creature (45)]
 15976 | D:11     | Reached skill level 7 in Fighting
 16200 | D:11     | Found a staircase to the Lair.
 16276 | Lair:1   | Entered Level 1 of the Lair of Beasts
 16429 | Lair:1   | Reached skill level 12 in Spellcasting
 16474 | Lair:1   | Reached skill level 4 in Dodging
 16699 | Lair:1   | Reached ***** piety under Vehumet
 16715 | Lair:1   | Offered knowledge of Fireball by Vehumet.
 16735 | Lair:1   | Learned a level 5 spell: Fireball
 16787 | Lair:1   | Got a smoking ring mail
 16965 | Lair:1   | Noticed Erica
 16987 | Lair:1   | Killed Erica
 16987 | Lair:1   | Reached XP level 12. HP: 77/92 MP: 12/28
 17115 | Lair:1   | HP: 46/92 [hell rat (10)]
 17330 | Lair:2   | Found a staircase to the Shoals.
 17342 | Lair:2   | Reached skill level 8 in Fighting
 17387 | Lair:1   | HP: 45/92 [merfolk/trident (15)]
 17389 | Lair:1   | HP: 22/92 [porcupine (11)]
 17838 | Lair:1   | Reached skill level 5 in Dodging
 17875 | Lair:1   | Identified the +4 ring mail of Cocytus {rPois} (You found it on level 1 of the Lair of Beasts)
 18318 | Lair:1   | Reached skill level 1 in Fire Magic
 19322 | Lair:2   | HP: 39/94 [yak (16)]
 19326 | Lair:2   | Reached skill level 13 in Spellcasting
 19883 | Lair:2   | Noticed Gastronok
 19931 | Lair:2   | HP: 42/94 [crocodile (12)]
 20394 | Lair:3   | Reached skill level 9 in Fighting
 20673 | Lair:3   | Noticed a five-headed hydra
 20681 | Lair:3   | Killed a five-headed hydra
 20753 | Lair:3   | Reached skill level 6 in Conjurations
 20792 | Lair:3   | Reached skill level 6 in Dodging
 20953 | Lair:3   | Noticed a seven-headed hydra
 20961 | Lair:3   | Killed a seven-headed hydra
 21237 | Lair:4   | Noticed a death yak
 21237 | Lair:4   | Noticed a death yak
 21237 | Lair:4   | Noticed a death yak
 21240 | Lair:4   | Noticed a death yak
 21241 | Lair:4   | Noticed a death yak
 21242 | Lair:4   | Noticed a death yak
 21246 | Lair:3   | Killed a death yak
 21246 | Lair:3   | Killed a death yak
 21246 | Lair:3   | Gained mutation: You are in touch with the powers of death. [Mummy growth]
 21246 | Lair:3   | Reached XP level 13. HP: 71/101 MP: 9/30
 21809 | Lair:4   | Reached skill level 10 in Fighting
 21809 | Lair:4   | Reached skill level 14 in Spellcasting
 22066 | Lair:4   | Found a staircase to the Snake Pit.
 22338 | Lair:5   | Reached skill level 7 in Dodging
 22338 | Lair:5   | Reached skill level 7 in Conjurations
 23028 | Lair:5   | Found a staircase to the Slime Pits.
 23809 | Lair:6   | Entered Level 6 of the Lair of Beasts
 23820 | Lair:6   | Offered knowledge of Conjure Ball Lightning by Vehumet.
 24091 | Lair:6   | Reached skill level 8 in Dodging
 24106 | Lair:5   | Reached skill level 8 in Conjurations
 24408 | Lair:6   | Reached skill level 15 in Spellcasting
 24883 | Lair:6   | Reached XP level 14. HP: 110/110 MP: 24/33
 25462 | Lair:6   | Got a translucent war axe
 25652 | Lair:2   | Killed Gastronok
 26201 | D:12     | theanonym: ??bolt of lighting
 26201 | D:12     | beem: I don't have a page labeled bolt_of_lighting in my learndb.
 26201 | D:12     | theanonym: ??lightning bolt
 26201 | D:12     | beem: lightning bolt[1/3]: Level 5 conjurations/air spell. Extremely loud -- only a little quieter than Shatter -- but follows the same {bolt bouncing} rules as Shock. To-hit:7+power/40.
 26201 | D:12     | theanonym: ??lightning bolt[2
 26201 | D:12     | beem: lightning bolt[2/3]: You hear a shout! You hear an angry hiss. You hear a shout! You hear a shout!_You hear a shout! x2
 26201 | D:12     | theanonym: ??lightning bolt[3
 26201 | D:12     | beem: lightning bolt[3/3]: scroll of noise = lightning bolt for 0 mana
 26408 | D:12     | Learned a level 6 spell: Conjure Ball Lightning
 26606 | D:12     | Found a staircase to the Orcish Mines.
 26791 | D:12     | Found Paidwoj's Distillery.
 26929 | Orc:1    | Entered Level 1 of the Orcish Mines
 26929 | Orc:1    | Noticed Nergalle
 26931 | Orc:1    | Noticed Snorg
 26932 | Orc:1    | Killed Nergalle
 26986 | D:12     | HP: 45/111 [Snorg (27)]
 26987 | D:12     | HP: 16/111 [Snorg (11)]
 26987 | D:12     | Slain by Snorg

Vanquished Creatures
  Gastronok (Lair:2)
  8 hydras
  Erica (Lair:1)
  6 death yaks
  A two-headed ogre (D:12)
  Nergalle (Orc:1)
  An unseen horror (D:12)
  2 orc knights
  A lindwurm (Lair:5)
  2 oklob plants (Lair:5)
  A manticore (D:11)
  2 cyclopes (D:12)
  3 ugly things
  4 slime creatures (D:11)
  4 black mambas
  2 torpor snails
  10 spiny frogs
  A rime drake (Lair:6)
  7 komodo dragons
  A queen bee (D:9)
  4 merfolk
  4 polar bears
  6 trolls
  11 blink frogs
  6 hippogriffs
  7 dream sheep (Lair:6)
  A shadow (D:12)
  5 wyverns
  32 yaks
  A steam dragon (D:12)
  A hungry ghost (D:9)
  2 basilisks
  A soldier ant (D:12)
  Menkaure (D:7)
  17 water moccasins
  Duvessa (D:5)
  An acid dragon (D:11)
  8 porcupines
  5 sky beasts
  4 ice beasts
  5 phantoms
  A black bear (D:9)
  A hornet zombie (D:11)
  9 orc warriors
  11 wolves
  6 ogres
  2 centaurs
  4 big kobolds
  10 crocodiles
  A wyvern zombie (D:10)
  19 bullfrogs
  3 scorpions
  Dowan (D:5)
  40 killer bees
  7 howler monkeys
  3 wights (D:7)
  2 electric eels (Lair:6)
  2 vampire bats (D:2)
  2 bullfrog zombies
  5 crimson imps
  2 quasits
  A jelly (D:3)
  9 hounds
  An orc priest (D:7)
  6 orc wizards
  2 bullfrog skeletons
  3 iguanas
  10 hell rats (Lair:1)
  17 worker ants
  A killer bee zombie (D:10)
  A hound zombie (D:5)
  12 gnolls
  18 adders
  16 river rats (Lair:1)
  2 shadow imps
  An ooze (D:2)
  2 adder skeletons
  8 worms
  2 dart slugs
  3 leopard geckos
  46 orcs
  5 ball pythons
  16 bats
  2 bat skeletons (D:2)
  3 bat zombies (D:2)
  6 giant cockroaches
  10 goblins
  14 hobgoblins
  26 jackals
  35 kobolds
  11 quokkas
  4 frilled lizards
  3 quokka skeletons
  26 rats
  2 fungi (Lair:6)
637 creatures vanquished.

Vanquished Creatures (collateral kills)
  A ball lightning (D:12)
  2 spiny frogs (Lair:6)
  A hound skeleton (D:5)
4 creatures vanquished.

Vanquished Creatures (others)
  6 ball lightnings (D:12)
  A bat (D:1)
  10 fungi
  10 plants
27 creatures vanquished.

Grand Total: 668 creatures vanquished

Table legend:
 A = Turns spent in this place as a percentage of turns spent in the entire game.
 B = Non-inter-level travel turns spent in this place as a percentage of non-inter-level travel turns spent in the entire game.
 C = Inter-level travel turns spent in this place as a percentage of turns spent in this place.
 D = Turns resting spent in this place as a percentage of non-inter-level travel turns spent in this place.
 E = Turns spent auto-exploring this place as a percentage of non-inter-level travel turns spent in this place.
 F = Non-inter-level travel turns spent in this place divided by the number of levels of this place that you've seen.
                   A       B       C       D       E      F
               +-------+-------+-------+-------+-------+----------------------
         Total | 100.0 | 100.0 |   5.6 |  43.7 |  40.4 | 1212.6
       Dungeon |  60.3 |  60.8 |   4.8 |  46.8 |  38.1 | 1289.7
        Temple |   0.7 |   0.6 |  18.6 |   0.0 |  80.2 | 162.0
          Lair |  34.9 |  34.2 |   7.4 |  37.1 |  47.0 | 1451.8
  Orcish Mines |   0.0 |   0.0 |   0.0 |   0.0 |   0.0 |   7.0
        Bailey |   4.1 |   4.4 |   0.0 |  59.9 |  14.1 | 1109.0
               +-------+-------+-------+-------+-------+----------------------
